 Dungeon Crawl Stone Soup version 0.30-a0-782-ge64f9170bb (webtiles) character file.

Game seed: 2547577755796628014

191 theswoord the Twirler (level 5, -7/38 HPs)
             Began as a Demonspawn Gladiator on Mar 15, 2023.
             Mangled by an ice beast (13 damage)
             ... on level 5 of the Dungeon.
             The game lasted 00:03:18 (1942 turns).

theswoord the Twirler (Demonspawn Gladiator)        Turns: 1942, Time: 00:03:19

Health: -7/38      AC:  5    Str: 16    XL:     5   Next: 42%
Magic:  5/5        EV: 12    Int: 10    God:
Gold:   67         SH:  4    Dex: 14    Spells: 4/4 levels left

rFire   . . .      SeeInvis .    a - +0 quarterstaff
rCold   . . .      Faith    .    (shield currently unavailable)
rNeg    . . .      Spirit   .    b - +0 leather armour
rPois   .          Reflect  .    c - +0 helmet
rElec   .          Harm     .    (no cloak)
rCorr   .          Rampage  .    (no gloves)
Will    .....                    (no boots)
Stlth   +                        (no amulet)
HPRegen 0.26/turn                (no ring)
MPRegen 0.09/turn                (no ring)

@: mighty, on berserk cooldown, slowed, very slow
A: demonic guardian 1, sharp scales 1, condensation shield
a: no special abilities


You were on level 5 of the Dungeon.
You visited 1 branch of the dungeon, and saw 4 of its levels.

You collected 67 gold pieces.

Inventory:

Hand Weapons
 a - a +0 quarterstaff (weapon)
Missiles
 d - 2 throwing nets (quivered)
 e - a javelin
Armour
 b - a +0 leather armour (worn)
 c - a +0 helmet (worn)
 l - a +1 cloak
Jewellery
 n - a ring of protection from cold
Scrolls
 f - a scroll of blinking {unknown}
 g - a scroll of noise
 o - a scroll of fog
Potions
 i - a potion of magic {unknown}
 j - a potion of cancellation {unknown}
 k - a potion of curing {unknown}
 m - a potion of mutation {unknown}


   Skills:
 - Level 2.0 Fighting
 + Level 5.6 Staves
 - Level 1.7 Throwing
 - Level 2.6 Dodging


You had 4 spell levels left.
You didn't know any spells.
Your spell library was empty.

Dungeon Overview and Level Annotations

Branches:
Dungeon (3/15)

Altars:

Shops:
D:2 [(?::


Innate Abilities, Weirdness & Mutations

A weak demonic guardian rushes to your aid.
You are partially covered in razor-sharp scales. (AC +1, Slay +1)
A meltable shield of frost defends you. (SH +4)


Message History

You sock the phantom!
You destroy the phantom!
You have reached level 5!
Your demonic ancestry asserts itself...
You feel the presence of a demonic guardian.
You start waiting.
You feel a strong urge to attack something.
You start waiting.
You feel your anger nearly subside.
You are no longer berserk.
You are exhausted.
You feel yourself slow down.
f - a scroll labelled TETSAECUCAA An orc and an ice beast come into view.
Found 14 gold pieces and a scroll labelled VEYSAL AHEO.
The orc shouts!
You closely miss the orc. You block the orc's attack. x2
You sock the orc!
You kill the orc!
The ice beast closely misses you.
You see here a +0 flail.
You closely miss the ice beast. The ice beast barely misses you.
The ice beast hits you but does no damage.
You closely miss the ice beast. The ice beast misses you.
You hit the ice beast but do no damage. The ice beast barely misses you.
The ice beast hits you. The ice beast freezes you!
You hit the ice beast. The ice beast hits you. The ice beast freezes you.
You hit the ice beast but do no damage.
The ice beast hits you but does no damage.
The ice beast hits you. The ice beast freezes you!
* * * LOW HITPOINT WARNING * * *
It was a potion of might.
You feel very mighty all of a sudden. The ice beast barely misses you.
You sock the ice beast!
The ice beast hits you but does no damage.
You block the ice beast's attack.
You closely miss the ice beast. The ice beast hits you.
* * * LOW HITPOINT WARNING * * *
A demonic guardian appears!
The ice beast freezes you!
You die...

###.....#.# .....#
......###.##.....#
#####.###........#
........#.#.....#
................
##.....#.#.....#
####5....#.#######
#8....#..#.########
#$@#...............
##Y#.###.##........
#.#.# #.##........
#.#..##...........
8.##..............
?.########........
#.# #...[.... #.#
#........ .........


You could see an ice beast (ally target) and a friendly iron imp (summoned).

Vanquished Creatures
  A phantom (D:5)
  Terence (D:2)
  A gnoll (D:1)
  2 adders
  2 worms
  4 dart slugs
  An orc (D:5)
  6 ball pythons
  8 bats (D:1)
  8 endoplasms
  A giant cockroach (D:1)
  8 hobgoblins
  A quokka (D:1)
  4 frilled lizards
  4 goblins
  A kobold (D:1)
  3 rats (D:1)
56 creatures vanquished.

Notes
Turn   | Place    | Note
-------+----------+-------------------------------------------
     0 | D:1      | theswoord the Demonspawn Gladiator began the quest for the
                  | Orb.
     0 | D:1      | Reached XP level 1. HP: 16/16 MP: 1/1
    63 | D:1      | Reached skill level 3 in Staves
    89 | D:1      | Gained mutation: You are partially covered in razor-sharp
                  | scales. (AC +1, Slay +1) [demonic ancestry]
    89 | D:1      | Reached XP level 2. HP: 5/22 MP: 2/2
   487 | D:1      | Reached XP level 3. HP: 11/27 MP: 3/3
   730 | D:1      | Reached skill level 4 in Staves
  1146 | D:2      | Found Vuowkegi's Magic Scroll Emporium.
  1178 | D:2      | Found Liazeihi's Antique Armour Boutique.
  1249 | D:2      | Found Fapuotwacw's Antique Weapon Boutique.
  1274 | D:2      | Found a faded altar of an unknown god.
  1283 | D:2      | Gained mutation: A meltable shield of frost defends you.
                  | (SH +4) [demonic ancestry]
  1283 | D:2      | Reached XP level 4. HP: 23/33 MP: 4/4
  1606 | D:2      | Found Qyol's Book Emporium.
  1613 | D:2      | Found Appa's Book Boutique.
  1632 | D:2      | Noticed Terence
  1641 | D:2      | Killed Terence
  1810 | D:3      | Reached skill level 5 in Staves
  1847 | D:3      | You fall into a shaft and drop 2 floors!
  1847 | D:5      | Entered Level 5 of the Dungeon
  1903 | D:5      | Noticed a phantom
  1916 | D:5      | Killed a phantom
  1917 | D:5      | Gained mutation: A weak demonic guardian rushes to your
                  | aid. [demonic ancestry]
  1917 | D:5      | Reached XP level 5. HP: 38/38 MP: 5/5
  1931 | D:5      | Noticed an ice beast
  1942 | D:5      | Mangled by an ice beast

Skill      XL: |  1  2  3  4 |
---------------+-------------+-----
Staves         | 3 4 5 |  5.6
Fighting       | |  2.0
Throwing       | |  1.7
Dodging        | |  2.6

Action                     |  1- 3 |  4- 6 || total
---------------------------+-------+-------++-------
  Melee: Quarterstaff      |   112 |    46 ||   158
  Throw: Throwing net      |       |     2 ||     2
    Use: Scroll            |     3 |     1 ||     4
         Potion            |       |     2 ||     2
   Stab: Sleeping          |     1 |       ||     1
         Held in net/web   |       |     1 ||     1
 Armour: Leather armour    |    45 |    11 ||    56
  Dodge: Dodged            |    81 |    20 ||   101
  Block: Other             |       |     9 ||     9

Levels and vault maps discovered:
D:1:      dpeg_arrival_lava_temple_mockup, layout_loops_corners,
          chequers_serial_rivers_room_a, skrybe_limestone_x
D:2:      layout_rooms, chequers_ecumenical_altar_simple_redux, serial_shops,
          nicolae_shop_statue_plus, shop, nicolae_shop_behind_doors, shop,
          nicolae_diamond_shop, minmay_misc_feat_rugged, hangedman_decor_points,
          uniq_terence
D:3:      layout_basic, uniq_grinder
D:5:      wad_river_or_something, layout_basic
